 Dungeon Crawl Stone Soup version 0.30-a0-782-ge64f9170bb (webtiles) character file.

Game seed: 330766965015329103

21121 ryw the Fighter (level 12, 0/105 HPs)
             Began as a Demonspawn Monk on Feb 18, 2023.
             Slain by a cane toad (18 damage)
             ... on level 3 of the Lair of Beasts.
             The game lasted 00:28:30 (16181 turns).

ryw the Fighter (Demonspawn Monk)                  Turns: 16181, Time: 00:28:30

Health: 0/105      AC: 16    Str: 11    XL:     12   Next: 51%
Magic:  6/16       EV: 18    Int: 15    God:
Gold:   1487       SH:  4    Dex: 21    Spells: 14/17 levels left

rFire   . . .      SeeInvis .    a - +6 scimitar (venom)
rCold   . . .      Faith    .    (no shield)
rNeg    . . .      Spirit   .    T - +0 swamp dragon scales
rPois   +          Reflect  .    (helmet restricted)
rElec   +          Harm     .    L - +2 cloak
rCorr   .          Rampage  .    f - +2 pair of gloves "Xydorgh" {Int+3}
Will    ++...                    (no boots)
Stlth   ++                       R - amulet of magic regeneration
HPRegen 0.37/turn                j - ring of wizardry
MPRegen 0.55/turn                l - ring of Xipsekh {rElec Will+ Slay+3}

@: lethally poisoned (0 -> -2)
A: antennae 2, slimy green scales 2, spiny 1, condensation shield, demonic
willpower
a: no special abilities


You were on level 3 of the Lair of Beasts.
You visited 2 branches of the dungeon, and saw 14 of its levels.
You also visited: Ossuary.

You collected 1805 gold pieces.
You spent 318 gold pieces at shops.

Inventory:

Hand Weapons
 a - a +6 scimitar of venom (weapon)
 b - a +7 heavy sling
 K - a +4 quarterstaff of chaos
Missiles
 m - 7 curare-tipped darts (quivered)
 N - 22 poisoned darts
Armour
 d - +0 steam dragon scales
 f - the +2 pair of gloves "Xydorgh" (worn) {Int+3}
   (You acquired it on level 8 of the Dungeon)

   Int:       It affects your intelligence (+3).
 k - a +0 buckler
 v - a +0 kite shield
 L - a +2 cloak (worn)
 T - +0 swamp dragon scales (worn)
Jewellery
 i - a ring of ice
 j - a ring of wizardry (left hand)
 l - the ring of Xipsekh (right hand) {rElec Will+ Slay+3}
   (You found it on level 8 of the Dungeon)

   [ring of willpower]

   Slay:      It affects your accuracy & damage with ranged weapons and melee
   (+3).
   rElec:     It insulates you from electricity.
   Will:      It increases your willpower.
 R - an amulet of magic regeneration (around neck)
Wands
 o - a wand of charming (5)
 p - a wand of quicksilver (3)
 s - a wand of mindburst (6)
 t - a wand of flame (22)
 F - a wand of polymorph (10)
Scrolls
 c - 5 scrolls of fear
 e - 3 scrolls of teleportation
 r - 2 scrolls of blinking
 w - a scroll of summoning
 x - 3 scrolls of fog
 y - a scroll of vulnerability
 B - a scroll of poison {unknown}
 D - 5 scrolls of magic mapping
 J - 3 scrolls of immolation
 M - 4 scrolls of enchant armour
Potions
 g - 5 potions of lignification
 h - 3 potions of cancellation
 n - 5 potions of flight
 q - 4 potions of brilliance
 u - 5 potions of curing
 z - 3 potions of attraction
 C - 2 potions of magic
 E - 5 potions of ambrosia
 G - 2 potions of mutation {unknown}
 H - a potion of heal wounds
 I - 4 potions of degeneration
 O - 2 potions of invisibility
 P - 3 potions of haste
 Q - 4 potions of might
 S - a potion of experience {unknown}


   Skills:
 + Level 13.3 Fighting
 + Level 5.7 Long Blades
 + Level 5.2 Ranged Weapons
 + Level 12.2 Dodging
 - Level 1.7 Stealth
 - Level 2.6 Unarmed Combat
 - Level 3.0 Spellcasting
 - Level 5.0 Necromancy


You had 14 spell levels left.
You knew the following spells:

 Your Spells              Type           Power      Damage    Failure   Level
a - Vampiric Draining     Necr           17%        2d7       8%          3

Your spell library contained the following spells:

 Spells                   Type           Power      Damage    Failure   Level
 Necrotise                Necr           68%        1d7       2%          1
 Ensorcelled Hibernation  Hex/Ice        4%         N/A       28%         2
 Passwall                 Tmut/Erth      1%         N/A       28%         2
 Spider Form              Tmut/Pois      2%         N/A       47%         3
 Summon Guardian Golem    Hex/Summ       2%         N/A       47%         3
 Swiftness                Air            2%         N/A       47%         3
 Anguish                  Hex/Necr       4%         N/A       52%         4
 Agony                    Necr           17%        N/A       52%         5
 Orb of Destruction       Conj           1%         9d5       100%        7
 Spellforged Servitor     Conj/Summ      1%         N/A       100%        7


Dungeon Overview and Level Annotations

Branches:
Dungeon (11/15)            Temple (0/1) D:4            Lair (3/5) D:8
  Snake (0/4) Lair:2          Orc (0/2) D:10        Ossuary (visited)
  Swamp: Lair:2-3    Shoals: Lair:2-3

Altars:
Sif Muna

Shops:
D:7 (   D:11 ?


Innate Abilities, Weirdness & Mutations

You have a pair of antennae on your head.
You are mostly covered in slimy green scales. (AC +3)
You are partially covered in sharp spines.
A meltable shield of frost defends you. (SH +4)
You punish those that try to bend your will. (Will+)


Message History

* * * LOW HITPOINT WARNING * * *
You hold your ground!
The elephant misses you.
Casting: Vampiric Draining (mildly dangerous; 8% risk of failure)
Confirm with . or Enter, or press ? or * to list all spells.
Aiming: Vampiric Draining (mildly dangerous; 8% risk of failure)
Press: ? - help, Shift-Dir - straight line, f/p - elephant
Aim: an elephant (severely wounded, poisoned)
You draw life force from the elephant!
You feel life coursing into your body.
You feel very sick. You block the cane toad's attack.
The elephant tramples you.
* * * LOW HITPOINT WARNING * * *
You hold your ground!
The elephant closely misses you.
Your magical contamination has completely faded away.
Casting: Vampiric Draining (mildly dangerous; 8% risk of failure)
Confirm with . or Enter, or press ? or * to list all spells.
You don't have enough magic to cast this spell.
Unknown command.
You slash the cane toad!
The cane toad is severely wounded.
You feel very sick.
A komodo dragon comes into view.
You block the cane toad's attack. You block the elephant's attack.
The elephant trunk-slaps you but does no damage.
The komodo dragon hisses angrily.
You hit the elephant.
The elephant looks as sick as possible!
The elephant is almost dead.
You feel very sick.
You kill the elephant!
The cane toad closely misses you.
The cane toad stings you but does no damage.
You feel sick.
You see here an elephant corpse.
You feel sick.
You feel sick.
You feel sick.
You feel sick. The cane toad is struck by your spines.
The cane toad completely misses you. The cane toad attacks as you move away!
The cane toad is struck by your spines. The cane toad stings you!!
You die...

#... #... #...##
#....# ####
#.....##..###
##....##.....#
#P....###†..<#
#.....#..l@.#
#..>#.#..PF##
#S..{##...FP#
.......#......#
....<..#...†##......
#..........#.#......
...#...#...##F..).##
.#.....#..## ...P##
........ .#.##


You could see a komodo dragon and 2 cane toads.

Vanquished Creatures
  2 hydras (Lair:2)
  3 two-headed ogres
  Pikel (D:7)
  A phantasmal warrior (Lair:2)
  3 elephants (Lair:3)
  Joseph (D:10)
  2 black mambas
  6 cane toads (Lair:2)
  Maggie (D:7)
  An unseen horror (D:11)
  2 komodo dragons (Lair:2)
  4 rime drakes
  3 trolls
  A hornet (D:8)
  5 blink frogs
  Grinder (D:5)
  Sigmund (D:3)
  A shadow (D:11)
  10 yaks
  2 basilisks
  2 wraiths
  A wyvern (D:9)
  Grum (D:8)
  A human (Lair:2)
  2 steam dragons (D:8)
  Menkaure (Ossuary)
  An acid dragon (D:11)
  A naga (Lair:2)
  Edmund (D:5)
  11 water moccasins
  7 orc warriors
  A sky beast (D:7)
  An ice beast (D:7)
  4 black bears
  4 wolves
  2 ogres
  A phantom (D:7)
  3 kobold brigands
  7 bullfrogs
  3 gnoll sergeants
  2 necrophages
  A scorpion (D:7)
  5 wights (D:9)
  10 killer bees
  6 electric eels
  3 howler monkeys
  2 centaur zombies (Ossuary)
  A human zombie (Ossuary)
  4 orc priests
  Crazy Yiuf (D:2)
  3 hounds
  7 iguanas
  Terence (D:3)
  7 orc wizards
  3 ogre zombies (Ossuary)
  2 human simulacra (D:9)
  6 mummies (Ossuary)
  Robin (D:2)
  6 adders
  6 gnolls
  A shadow imp (D:6)
  A white imp (D:7)
  An ufetubus (D:5)
  5 adder zombies (Ossuary)
  2 worms (D:3)
  2 dart slugs
  40 orcs
  8 endoplasms
  4 giant cockroaches
  13 goblins
  11 hobgoblins
  9 jackals
  A quokka (D:1)
  5 ball pythons
  3 bats
  10 frilled lizards
  A goblin zombie (Ossuary)
  3 hobgoblin zombies (Ossuary)
  12 kobolds
  7 kobold zombies (Ossuary)
  4 quokka zombies (Ossuary)
  7 rats
  4 rat zombies (Ossuary)
337 creatures vanquished.

Vanquished Creatures (others)
  52 fungi
  64 plants
116 creatures vanquished.

Grand Total: 453 creatures vanquished

Notes
Turn   | Place    | Note
-------+----------+-------------------------------------------
     0 | D:1      | ryw the Demonspawn Monk began the quest for the Orb.
     0 | D:1      | Reached XP level 1. HP: 18/18 MP: 1/1
   207 | D:1      | Gained mutation: You are partially covered in slimy green
                  | scales. (AC +2) [demonic ancestry]
   207 | D:1      | Reached XP level 2. HP: 15/24 MP: 2/2
   292 | D:1      | Found a faded altar of an unknown god.
   667 | D:2      | Noticed Robin
   995 | D:2      | Reached XP level 3. HP: 28/29 MP: 3/3
  1552 | D:2      | Killed Robin
  1553 | D:2      | Reached skill level 4 in Fighting
  1673 | D:2      | Gained mutation: A meltable shield of frost defends you.
                  | (SH +4) [demonic ancestry]
  1673 | D:2      | Reached XP level 4. HP: 37/37 MP: 4/4
  1687 | D:2      | Found a runed translucent door.
  1688 | D:2      | Noticed Crazy Yiuf
  2210 | D:3      | Noticed Sigmund
  2222 | D:3      | Killed Sigmund
  2223 | D:3      | Reached skill level 5 in Fighting
  2223 | D:3      | Gained mutation: You are partially covered in sharp spines.
                  | [demonic ancestry]
  2223 | D:3      | Reached XP level 5. HP: 33/44 MP: 5/5
  2223 | D:3      | Gained mutation: You have a pair of small antennae on your
                  | head. [demonic ancestry]
  2223 | D:3      | Reached XP level 6. HP: 38/51 MP: 6/6
  2545 | D:3      | Noticed Terence
  2554 | D:3      | Killed Terence
  3066 | D:4      | Found a staircase to the Ecumenical Temple.
  3214 | D:4      | Reached skill level 5 in Dodging
  3707 | D:5      | Entered Level 5 of the Dungeon
  3716 | D:5      | Noticed Edmund
  3726 | D:5      | Killed Edmund
  3766 | D:5      | Reached skill level 6 in Fighting
  3766 | D:5      | Reached XP level 7. HP: 58/58 MP: 7/7
  3978 | D:5      | Noticed Grinder
  3995 | D:5      | Killed Grinder
  4267 | D:5      | Reached skill level 7 in Fighting
  4541 | D:2      | Killed Crazy Yiuf
  4719 | D:6      | Reached XP level 8. HP: 67/67 MP: 8/8
  5149 | D:6      | Reached skill level 8 in Fighting
  5463 | D:7      | Found a sand-covered staircase.
  5469 | Ossuary  | Entered an ossuary
  5858 | Ossuary  | Noticed Menkaure
  5878 | Ossuary  | Killed Menkaure
  6246 | D:7      | Noticed Pikel
  6247 | D:7      | Noticed Maggie
  6272 | D:7      | Killed Pikel
  6273 | D:7      | Reached skill level 9 in Fighting
  6273 | D:7      | Gained mutation: You have a pair of antennae on your head.
                  | [demonic ancestry]
  6273 | D:7      | Reached XP level 9. HP: 71/76 MP: 9/9
  6296 | D:7      | Killed Maggie
  6540 | D:7      | Found a shimmering blue altar of Sif Muna.
  7230 | D:7      | Found Edavod's Weapon Shoppe.
  7499 | D:8      | Reached skill level 10 in Fighting
  7622 | D:8      | Noticed a two-headed ogre
  7646 | D:7      | Killed a two-headed ogre
  7935 | D:8      | Noticed Grum
  7941 | D:8      | Gained mutation: You are mostly covered in slimy green
                  | scales. (AC +3) [demonic ancestry]
  7941 | D:8      | Reached XP level 10. HP: 79/86 MP: 10/10
  7941 | D:8      | Noticed a two-headed ogre
  8265 | D:8      | Reached skill level 10 in Dodging
  8546 | D:8      | Reached skill level 11 in Fighting
  8625 | D:8      | Identified 2 scrolls of acquirement
  8625 | D:8      | Acquired the +2 pair of gloves "Xydorgh" {Int+3}
  8638 | D:8      | Acquired 1116 gold pieces
  8686 | D:8      | Found a staircase to the Lair.
  8700 | D:8      | HP: 3/87 [steam dragon/ball of steam (13)]
  8701 | D:8      | HP: 1/87 [hornet (11)]
  8710 | D:8      | Killed Grum
  8964 | D:7      | Learned a level 3 spell: Vampiric Draining
  9119 | D:7      | Reached skill level 1 in Necromancy
  9171 | D:8      | Reached skill level 1 in Spellcasting
  9347 | D:8      | Identified the ring of Xipsekh {rElec Will+ Slay+3}
  9372 | D:8      | Killed a two-headed ogre
 10555 | D:10     | Entered Level 10 of the Dungeon
 10747 | D:10     | Found a staircase to the Orcish Mines.
 11096 | D:10     | Reached XP level 11. HP: 87/95 MP: 15/15
 11099 | D:10     | Reached skill level 1 in Long Blades
 11330 | D:10     | Noticed Joseph
 11341 | D:10     | Killed Joseph
 11342 | D:10     | Reached skill level 12 in Fighting
 11549 | D:10     | Noticed a two-headed ogre
 11556 | D:10     | Killed a two-headed ogre
 11721 | D:10     | Reached skill level 1 in Ranged Weapons
 12114 | D:11     | Reached skill level 5 in Necromancy
 12426 | D:11     | Found Qoamag's Magic Scroll Shop.
 12433 | D:11     | Bought a scroll of identify for 24 gold pieces
 12433 | D:11     | Bought a scroll of identify for 24 gold pieces
 12433 | D:11     | Bought 3 scrolls of enchant armour for 270 gold pieces
 13073 | Lair:1   | Entered Level 1 of the Lair of Beasts
 14397 | Lair:2   | Noticed a four-headed hydra
 14404 | Lair:2   | Killed a five-headed hydra
 14405 | Lair:2   | Gained mutation: You punish those that try to bend your
                  | will. (Will+) [demonic ancestry]
 14405 | Lair:2   | Reached XP level 12. HP: 24/103 MP: 16/16
 14749 | Lair:2   | Found a runed translucent door.
 15105 | Lair:2   | Noticed a five-headed hydra
 15114 | Lair:2   | Killed a five-headed hydra
 15364 | Lair:2   | Reached skill level 5 in Long Blades
 15368 | Lair:2   | Reached skill level 13 in Fighting
 15693 | Lair:2   | Found a staircase to the Snake Pit.
 16107 | Lair:3   | Reached skill level 5 in Ranged Weapons
 16181 | Lair:3   | Slain by a cane toad

Illustrated notes

Levels and vault maps discovered:
D:1:      elethiomel_arrival_quiet, layout_basic, ebering_ecumenical_altar_hall
D:2:      layout_rooms, minmay_misc_feat_x, chequers_mini_garden, minmay_puff,
          uniq_robin, uniq_crazy_yiuf_cottage
D:3:      wad_river_or_something, layout_loops_corners, uniq_sigmund,
          uniq_terence
D:4:      layout_loops_cross, temple_green, chequers_serial_rivers_small_3
D:5:      layout_loops_ring, minmay_fountain_box, minmay_lizard_king,
          uniq_grinder, uniq_edmund
D:6:      layout_loops_ring, st_stairs_14
D:7:      layout_basic, gammafunk_temple_overflow_pools, serial_shops, shop,
          nicolae_ossuary_entry_plus, uniq_maggie, uniq_pikel
D:8:      layout_cave_pools, due_lair_maze_entry_diamond,
          minmay_misc_feat_doors, uniq_grum
D:9:      layout_big_octagon, bh_circular_ruins
D:10:     layout_irregular_city, kennysheep_orc_monster_closet_entryway,
          uniq_joseph
D:11:     nicolae_cairo_tiling_very_big, layout_basic, serial_shops,
          nicolae_square_shop
Lair:1:   layout_regular_city, dpeg_stationary_puzzle
Lair:2:   layout_chaotic_city, guppyfry_snake_entry_garden,
          pdpol_lair_cabin_in_the_woods
Lair:3:   layout_hall_layers, skrybe_swamp_entry_bodies, serial_bayou_pond_e

Skill      XL: |  1  2  3  4  5  6  7  8  9 10 11 12 |
---------------+-------------------------------------+-----
Dodging        | 3 4 5 6 8 9 10 11 12 | 12.2
Fighting       | 4 5 6 7 9 10 11 12 13 | 13.3
Necromancy     | 3 5 |  5.0
Spellcasting   | 3 |  3.0
Long Blades    | 4 5 |  5.7
Ranged Weapons | 3 5 |  5.2
Stealth        | |  1.7
Unarmed Combat | |  2.6

Action                     |  1- 3 |  4- 6 |  7- 9 | 10-12 || total
---------------------------+-------+-------+-------+-------++-------
  Melee: Unarmed           |    92 |       |       |       ||    92
         Dagger            |    81 |   135 |   226 |   110 ||   552
         Punch             |     2 |     5 |    11 |     9 ||    27
         Quarterstaff      |       |       |    87 |    46 ||   133
         Scimitar          |       |       |       |   278 ||   278
   Fire: Sling             |       |       |       |    26 ||    26
  Throw: Dart              |       |     7 |     5 |     9 ||    21
   Cast: Vampiric Draining |       |       |       |     7 ||     7
    Use: Scroll            |       |       |    16 |    16 ||    32
         Potion            |       |       |     1 |     2 ||     3
   Stab: Sleeping          |     2 |       |     7 |     2 ||    11
         Distracted        |     1 |       |     1 |       ||     2
         Paralysed         |       |       |     2 |       ||     2
 Armour: Leather armour    |    27 |       |       |       ||    27
         Ring mail         |    42 |    27 |    55 |       ||   124
         Swamp dragon scal |       |       |    35 |   192 ||   227
  Dodge: Dodged            |   121 |    57 |   195 |   450 ||   823
  Block: Other             |       |    17 |    47 |    93 ||   157

Table legend: (Time is in decaauts)
 A = Elapsed time spent in this place.
 B = Non-inter-level travel time spent in this place.
 C = Inter-level travel time spent in this place.
 D = Time resting spent in this place.
 E = Time spent auto-exploring this place.
 F = Levels seen in this place.
 G = Mean time per level.
                   A        B        C        D        E       F      G
               +--------+--------+--------+--------+--------+-----+--------+
         Total |  16325 |  15398 |    927 |   2926 |   9391 |  15 | 1088.3 |
       Dungeon |  12528 |  11691 |    837 |   1874 |   7386 |  11 | 1138.9 |
          Lair |   3139 |   3049 |     90 |    902 |   1766 |   3 | 1046.3 |
       Ossuary |    657 |    657 |      0 |    150 |    238 |   1 |  657.0 |
               +--------+--------+--------+--------+--------+-----+--------+

Top non-repeatable levels by time:
     D:7: 2504 daAuts
  Lair:2: 2040 daAuts
    D:10: 1293 daAuts
     D:8: 1282 daAuts
     D:3: 1207 daAuts
     D:9: 1055 daAuts
  Lair:1: 1015 daAuts
    D:11: 979 daAuts
     D:2: 960 daAuts
     D:1: 879 daAuts
     D:4: 866 daAuts
     D:5: 799 daAuts
     D:6: 700 daAuts
 Ossuary: 657 daAuts
  Lair:3: 84 daAuts
